 Dungeon Crawl Stone Soup version 0.31-a0-354-g827e0957a7 (webtiles) character file.

Game seed: 5563768216463531149

142 Sabo the Shield-Bearer (level 5, -10/42 HPs)
             Began as a Formicid Fighter on July 23, 2023.
             Killed by divine providence
             ... invoked by an orc priest
              (15 damage)
             ... on level 3 of the Dungeon.
             The game lasted 00:11:45 (2496 turns).

Sabo the Shield-Bearer (Formicid Fighter)           Turns: 2496, Time: 00:11:47

Health: -10/42     AC: 11    Str: 22    XL:     5   Next: 49%
Magic:  5/5        EV:  6    Int:  8    God:
Gold:   127        SH: 10    Dex: 13    Spells: 4/4 levels left

rFire   . . .        a - +0 war axe
rCold   . . .        c - +0 buckler
rNeg    . . .        i - +0 plate armour
rPois   .            (helmet unavailable)
rElec   .            h - scarf {shadows}
rCorr   .            (no gloves)
SInv    +            (no boots)
Will    .....        b - amulet of reflection Stlth
                     (no ring)
HPRegen 0.27/turn    (no ring)
MPRegen 0.09/turn

%: reflection
@: no status effects
A: permanent stasis, dig shafts and tunnels, antennae 3, four strong arms
a: Dig, Shaft Self


You were on level 3 of the Dungeon.
You visited 1 branch of the dungeon, and saw 3 of its levels.

You collected 127 gold pieces.

Inventory:

Hand Weapons
 a - a +0 war axe (weapon)
Missiles
 f - 9 poisoned darts
 l - 4 boomerangs (quivered)
Armour
 c - a +0 buckler (worn)
 h - a scarf of shadows (worn)
 i - a +0 plate armour (worn)
Jewellery
 b - an amulet of reflection (around neck)
Wands
 m - a wand of flame (22)
Scrolls
 k - a scroll of fog
 n - a scroll of torment {unknown}
Potions
 d - a potion of might
 e - a potion of curing
 g - a potion of lignification
 j - a potion of cancellation {unknown}


   Skills:
 + Level 3.7 Fighting
 + Level 3.9 Axes
 + Level 4.2 Armour
 + Level 0.3 Dodging
 + Level 0.1 Stealth
 + Level 4.6 Shields


You had 4 spell levels left.
You didn't know any spells.
Your spell library contained the following spells:

 Spells                   Type           Power      Damage    Failure   Level
 Dazzling Flash           Conj/Hex       0%         N/A       100%        3
 Ozocubu's Armour         Ice            0%         N/A       100%        3
 Animate Armour           Summ/Erth      0%         N/A       100%        4
 Manifold Assault         Tloc           0%         N/A       100%        4
 Summon Lightning Spire   Summ/Air       0%         N/A       100%        4
 Agony                    Necr           0%         N/A       100%        5
 Lee's Rapid Deconstruct  Erth           0%         3d4*      100%        5
 Metabolic Englaciation   Hex/Ice        0%         N/A       100%        5
 Silence                  Hex/Air        0%         N/A       100%        5
 Simulacrum               Ice/Necr       0%         N/A       100%        6
 Blink                    Tloc           Unusable   N/A       N/A         2

Dungeon Overview and Level Annotations

Branches:
Dungeon (3/15)

Altars:
Makhleb

Annotations:
D:3 1 runed translucent door, Soraphim's ghost, amateur MiBe


Innate Abilities, Weirdness & Mutations

You cannot be hasted, slowed, berserked, paralysed or teleported.
You can dig through walls and to a lower floor.
You have a pair of large antennae on your head. (SInv)
Your four strong arms can wield two-handed weapons with a shield.


Message History

An orc and an orc priest come into view.
The orc shouts!
The orc priest shouts!
You hear a shout! x2
An orc priest comes into view. It is wielding a +0 flail.
An orc wizard comes into view. It is wielding a +0 dagger of speed.
An orc comes into view.
It is wielding a +2 hand axe of electrocution.
The orc wizard shouts!
There is an open door here.
You block the orc's attack.
The orc priest hits you but does no damage.
The orc priest calls down the wrath of Beogh upon you.
Beogh smites you!
The orc wizard hits you but does no damage. x2
You closely miss the orc wizard. You barely miss the orc.
You slash the orc priest!
The orc priest miscasts a cantrip.
The orc priest hits you with a +0 flail.
The orc hits you with a +0 club. You block the orc wizard's attack.
You block the orc's attack. The orc hits you but does no damage.
The orc priest hits you but does no damage.
The orc priest calls upon Beogh to heal the orc priest.
The orc priest is healed somewhat.
The orc wizard hits you with a +0 dagger of speed.
You barely miss the orc wizard. You hit the orc. You hit the orc priest.
You hit the orc. You block the orc wizard's attack.
The orc priest hits you but does no damage.
You block the orc's attack.
You closely miss the orc.
The orc is heavily wounded.
You slash the orc!
You kill the orc!
You barely miss the orc priest. You closely miss the orc wizard.
You block the orc priest's attack.
The orc priest invokes the aid of Beogh against you.
Beogh smites you!
* * * LOW HITPOINT WARNING * * *
The orc wizard hits you but does no damage.
You block the orc's attack.
The orc priest calls down the wrath of Beogh upon you.
Beogh smites you!
You die...

#.##.......#........######
###.#.###..)....#.....####
# #.....#
#....#...........# #
#.###.###.#.#####.....##.#
# ###.# ##...##.#
#.....##.# # ##.#.#
######.# ###..###.###
##....# ##'## ##........
##.....## ##..)##
#####.### #.......#
#..@o.# #.# ##.....##
#...oo..# #..
##.....####......o..#
#...# ##.......+.........+
..... #.....###.........#
....# ###.....#
##.......## #.......#
##.....## #.......#
#.#.....# #+#


You could see 2 orc priests, an orc wizard and an orc.

Vanquished Creatures
  A centaur zombie (D:3)
  An iguana (D:3)
  A scorpion zombie (D:3)
  An adder (D:3)
  An adder zombie (D:3)
  A worm (D:3)
  2 dart slugs (D:1)
  An orc (D:3)
  2 bats
  7 endoplasms
  A giant cockroach (D:1)
  6 goblins
  4 hobgoblins
  3 kobolds
  2 quokkas (D:1)
  2 ball pythons (D:3)
  A ball python skeleton (D:3)
  A frilled lizard (D:1)
  2 rats
40 creatures vanquished.

Notes
Turn   | Place    | Note
-------+----------+-------------------------------------------
     0 | D:1      | Sabo the Formicid Fighter began the quest for the Orb.
     0 | D:1      | Reached XP level 1. HP: 18/18 MP: 1/1
    90 | D:1      | Reached XP level 2. HP: 24/24 MP: 2/2
   974 | D:2      | Found a faded altar of an unknown god.
   988 | D:2      | Reached XP level 3. HP: 29/29 MP: 3/3
  1249 | D:2      | Found a burning altar of Makhleb.
  1582 | D:3      | Reached XP level 4. HP: 35/36 MP: 4/4
  1583 | D:3      | Reached XP level 5. HP: 41/42 MP: 5/5
  1988 | D:3      | Found a runed translucent door.
  1990 | D:3      | Noticed Soraphim's ghost (amateur MiBe)
  1990 | D:3      | Noticed an ogre
  2496 | D:3      | Killed from afar by an orc priest

Illustrated notes

Levels and vault maps discovered:
D:1:      psy_arrival_radial02, layout_basic
D:2:      layout_basic, basic_altar,
          hellmonk_ecumenical_altar_pennies_from_heaven
D:3:      layout_loops_corners, serial_undead, serial_undead_f, serial_undead_a,
          serial_undead_a, serial_undead_a, ebering_ghost_inner_flame

Skill      XL: |  1  2  3 |
---------------+----------+-----
Axes           | 3 |  3.9
Armour         | 4 |  4.2
Fighting       | |  3.7
Dodging        | |  0.3
Stealth        | |  0.1
Shields        | |  4.6

Action                     |  1- 3 |  4- 6 || total
---------------------------+-------+-------++-------
  Melee: War axe           |    62 |    39 ||   101
    Use: Scroll            |     2 |     1 ||     3
 Armour: Scale mail        |    24 |       ||    24
         Plate armour      |    24 |    21 ||    45
  Dodge: Dodged            |    21 |     5 ||    26
  Block: Buckler           |    15 |    21 ||    36

Table legend: (Time is in decaauts)
 A = Elapsed time spent in this place.
 B = Non-inter-level travel time spent in this place.
 C = Inter-level travel time spent in this place.
 D = Time resting spent in this place.
 E = Time spent auto-exploring this place.
 F = Levels seen in this place.
 G = Mean time per level.
                   A        B        C        D        E       F      G
               +--------+--------+--------+--------+--------+-----+--------+
         Total |   2550 |   2550 |      0 |    128 |      0 |   3 |  850.0 |
       Dungeon |   2550 |   2550 |      0 |    128 |      0 |   3 |  850.0 |
               +--------+--------+--------+--------+--------+-----+--------+

Top non-repeatable levels by time:
     D:3: 993 daAuts
     D:1: 953 daAuts
     D:2: 603 daAuts
